 Dungeon Crawl Stone Soup version 0.31.0-11-ge490571c62 (webtiles) character file.

Game seed: 7231432098237218304

907 hikkokomori the Trooper (level 8, -3/64 HPs)
             Began as a Formicid Fighter on Feb 1, 2024.
             Was a Follower of Okawaru.
             Slain by a yak (13 damage)
             ... on level 8 of the Dungeon.
             The game lasted 00:08:02 (3847 turns).

hikkokomori the Trooper (Formicid Fighter)          Turns: 3847, Time: 00:08:02

Health: -3/64      AC:  7    Str: 22    XL:     8   Next: 29%
Magic:  9/9        EV:  9    Int:  7    God:    Okawaru [*.....]
Gold:   59         SH:  5    Dex: 15    Spells: 7/7 levels left

rFire   . . .        u - +0 arbalest (freeze)
rCold   . . .        c - +0 buckler
rNeg    . . .        b - +0 scale mail
rPois   +            (helmet unavailable)
rElec   .            (no cloak)
rCorr   .            (no gloves)
SInv    +            (no boots)
Will    .....        (no amulet)
Stlth   +            e - ring of poison resistance
HPRegen 0.30/turn    (no ring)
MPRegen 0.11/turn

%: no passive effects
@: no status effects
A: permanent stasis, dig shafts and tunnels, antennae 3, four strong arms
a: Dig, Shaft Self, Renounce Religion, Heroism


You were on level 8 of the Dungeon.
You worshipped Okawaru.
Okawaru was aware of your devotion.
You visited 1 branch of the dungeon, and saw 7 of its levels.

You collected 194 gold pieces.
You spent 135 gold pieces at shops.

Inventory:

Hand Weapons
 a - a +0 war axe
 r - a +0 sling
 s - a +1 long sword of holy wrath
 u - a +0 arbalest of freezing (weapon)
Armour
 b - a +0 scale mail (worn)
 c - a +0 buckler (worn)
 x - a +1 pair of gloves
Jewellery
 e - a ring of poison resistance (left hand)
 p - an amulet of faith
Scrolls
 f - a scroll of enchant armour {unknown}
 g - a scroll of fear {unknown}
 i - 2 scrolls of enchant weapon {unknown}
 j - a scroll of teleportation {unknown}
 k - 4 scrolls of identify {unknown}
 m - a scroll of torment {unknown}
 n - 4 scrolls of acquirement {unknown}
 t - a scroll of blinking {unknown}
Potions
 d - a potion of might
 h - a potion of mutation {unknown}
 l - a potion of heal wounds
 o - a potion of attraction {unknown}
 q - a potion of lignification {unknown}
 v - a potion of magic {unknown}
 w - a potion of degeneration {unknown}


   Skills:
 + Level 6.3 Fighting
 - Level 3.1 Axes
 + Level 3.9 Ranged Weapons
 - Level 5.6 Armour
 + Level 2.7 Stealth
 - Level 5.1 Shields
 + Level 1.4 Invocations


You had 7 spell levels left.
You didn't know any spells.
Your spell library contained the following spells:

 Spells                   Type           Power      Damage    Failure   Level
 Dazzling Flash           Conj/Hex       0%         N/A       99%         3
 Frozen Ramparts          Ice            0%         1d1       99%         3
 Gell's Gravitas          Tloc           0%         N/A       99%         3
 Teleport Other           Tloc           0%         N/A       99%         3
 Volatile Blastmotes      Fire/Tloc      0%         2d10      99%         3
 Leda's Liquefaction      Alch/Erth      0%         N/A       100%        4
 Petrify                  Alch/Erth      0%         N/A       100%        4
 Metabolic Englaciation   Hex/Ice        0%         N/A       100%        5
 Dispersal                Tloc           0%         N/A       100%        6
 Starburst                Conj/Fire      0%         6d3       100%        6
 Maxwell's Capacitive Co  Air            0%         ∞         100%        8


Dungeon Overview and Level Annotations

Branches:
Dungeon (6/15)             Temple (0/1) D:5

Altars:
Okawaru
Trog
Vehumet
Xom

Shops:
D:1 !![((   D:2 :   D:3 (   D:4 *

Annotations:
D:5 Dowan, Duvessa


Innate Abilities, Weirdness & Mutations

You cannot be hasted, slowed, berserked, paralysed or teleported.
You can dig through walls and to a lower floor.
You have a pair of large antennae on your head. (SInv)
Your four strong arms can wield two-handed weapons with a shield.


Message History

The yak is heavily wounded.
The yak gores you.
Unknown command.
You shoot a bolt.
The bolt hits the yak but does no damage.
The yak is heavily wounded.
You block the yak's attack. The yak closely misses you.
Unknown command.
You shoot a bolt.
The bolt hits the yak but does no damage.
The yak is heavily wounded.
The yak gores you!
* * * LOW HITPOINT WARNING * * *
The yak gores you!
* * * LOW HITPOINT WARNING * * *
Unknown command.
It was a potion of heal wounds.
You feel much better. The yak barely misses you.
You shoot a bolt. The bolt barely misses the yak.
The bolt hits the yak!
The bolt freezes the yak.
The yak is moderately wounded.
You block the yak's attack. x2
Unknown command.
You shoot a bolt. The bolt closely misses the yak.
The bolt hits the yak!
The bolt freezes the yak.
The yak is heavily wounded.
The yak barely misses you. The yak gores you!
* * * LOW HITPOINT WARNING * * *
Unknown command.
You shoot a bolt. The bolt hits the yak!
The bolt freezes the yak.
The yak is almost dead.
The yak gores you but does no damage. The yak gores you!
* * * LOW HITPOINT WARNING * * *
Unknown command.
You shoot a bolt. The bolt completely misses the yak.
The bolt hits the yak!!
The bolt freezes the yak.
You kill the yak!
Okawaru accepts your kill. The yak closely misses you. The yak gores you!
You die...

#.≈...§§§..#####Y
#...≈)§..Y.......
#..≈≈.§§..####...
#...)...Y## #
#.#$?...####
#/..........
###..####### ##Y#
#@# #.# ... .....
#...... #.....##
##...## #####


You could see a yak.

Vanquished Creatures
  3 yaks (D:8)
  A phantom (D:5)
  A scorpion (D:4)
  2 bombardier beetles (D:5)
  A jelly (D:5)
  An orc priest (D:4)
  A sleepcap (D:4)
  2 iguanas (D:4)
  4 orc wizards
  4 adders
  A gnoll (D:4)
  2 dart slugs
  2 ribbon worms
  22 orcs
  15 endoplasms
  4 giant cockroaches
  10 goblins
  4 hobgoblins
  2 jackals (D:1)
  2 quokkas (D:1)
  8 ball pythons
  5 bats
  6 frilled lizards
  6 kobolds
  4 rats
113 creatures vanquished.

Notes
Turn   | Place    | Note
-------+----------+-------------------------------------------
     0 | D:1      | hikkokomori the Formicid Fighter began the quest for the
                  | Orb.
     0 | D:1      | Reached XP level 1. HP: 18/18 MP: 1/1
    56 | D:1      | Found Hion's Distillery.
   224 | D:1      | Reached XP level 2. HP: 24/24 MP: 2/2
   366 | D:1      | Found a faded altar of an unknown god.
   383 | D:1      | Found Jiyv Cel's Antique Weapon Shop.
   458 | D:1      | Found Boxudgh's Antique Weapon Shop.
   466 | D:1      | Found Lix Munn's Armour Shoppe.
   617 | D:1      | Reached XP level 3. HP: 28/29 MP: 3/3
   652 | D:1      | Found Ecwiemu's Distillery.
  1146 | D:2      | Found Ysayj's Book Boutique.
  1196 | D:2      | Reached XP level 4. HP: 37/37 MP: 4/4
  1658 | D:3      | Reached skill level 4 in Fighting
  1722 | D:3      | Reached XP level 5. HP: 24/42 MP: 5/5
  1882 | D:3      | Reached skill level 5 in Shields
  1999 | D:3      | Found Qiodiw's Weapon Emporium.
  2022 | D:3      | Found a radiant altar of Vehumet.
  2082 | D:1      | Bought a runed arbalest for 135 gold pieces
  2699 | D:5      | Entered Level 5 of the Dungeon
  2791 | D:4      | Reached XP level 6. HP: 49/49 MP: 6/6
  2792 | D:4      | Found Lusa's Lightly-Used Armoury.
  2803 | D:4      | Reached skill level 1 in Ranged Weapons
  2926 | D:4      | Reached skill level 5 in Fighting
  3001 | D:4      | Reached skill level 5 in Armour
  3001 | D:4      | Reached XP level 7. HP: 56/56 MP: 7/7
  3023 | D:4      | Found a shimmering altar of Xom.
  3086 | D:4      | Found an iron altar of Okawaru.
  3091 | D:4      | Found a runed translucent door.
  3095 | D:4      | Found the +0 toga "Victory" {*Victory Clar}
  3395 | D:4      | Became a worshipper of Warmaster Okawaru
  3412 | D:4      | You fall into a shaft and drop 2 floors!
  3598 | D:5      | Found a staircase to the Ecumenical Temple.
  3670 | D:5      | Noticed Duvessa
  3670 | D:5      | Noticed Dowan
  3683 | D:5      | You fall into a shaft and drop 3 floors!
  3683 | D:8      | Found a bloodstained altar of Trog.
  3806 | D:8      | Noticed a yak
  3807 | D:8      | Noticed a yak
  3817 | D:8      | Noticed a yak
  3824 | D:8      | Noticed a yak
  3828 | D:8      | Killed a yak
  3829 | D:8      | Reached skill level 6 in Fighting
  3829 | D:8      | Reached XP level 8. HP: 57/64 MP: 8/8
  3833 | D:8      | Killed a yak
  3833 | D:8      | Reached * piety under Okawaru
  3834 | D:8      | Reached skill level 1 in Invocations
  3842 | D:8      | HP: 2/64 [yak (13)]
  3847 | D:8      | Killed a yak
  3847 | D:8      | Slain by a yak

Illustrated notes

Levels and vault maps discovered:
D:1:      erik_arrival_blinker_ship, layout_basic, serial_glass,
          glass_columns_a, glass_columns_a, glass_columns_c, glass_columns_a,
          glass_columns_b, glass_columns_a,
          dreamdust_ecumenical_altar_sealed_demon, serial_shops, shop,
          nicolae_shop_hallway_plus, nicolae_shop_dealshenge, shop,
          nicolae_shop_industrial_runoff, serial_bayou_pond_d, hex_intersection,
          hangedman_decor_growths, grunt_decor_junction, palyth_stone_intersect,
          minmay_quantized
D:2:      layout_rooms, serial_shops, shop
D:3:      layout_basic, nicolae_overflow_crystal_walls, serial_shops,
          nicolae_shop_bloodbath_and_beyond
D:4:      layout_rooms, mainiacjoe_overflow_alcove_1,
          nicolae_overflow_guarded_unrand_okawaru_victory,
          chequers_serial_rivers_micro_b, minmay_shop_damaged
D:5:      layout_loops_ring, minmay_temple_entry_offerings, minmay_statues_item,
          uniq_duvessa
D:6:      layout_loops_ring, uniq_jeremiah, uniq_sigmund
D:8:      layout_loops_ring, mainiacjoe_overflow_small_starburst, serial_glass,
          glass_columns_a, glass_columns_b

Skill      XL: |  1  2  3  4  5  6  7  8 |
---------------+-------------------------+-----
Fighting       | 4 5 6 |  6.3
Armour         | 4 5 |  5.6
Axes           | 3 |  3.1
Shields        | 5 |  5.1
Ranged Weapons | 2 3 |  3.9
Stealth        | 2 |  2.7
Invocations    | 1 |  1.4

Action                     |  1- 3 |  4- 6 |  7- 9 || total
---------------------------+-------+-------+-------++-------
  Melee: War axe           |    95 |   102 |       ||   197
         Arbalest          |       |     1 |       ||     1
   Fire: Arbalest          |       |    74 |    59 ||   133
Ability: Shaft Self        |       |       |     2 ||     2
    Use: Potion            |       |       |     1 ||     1
 Armour: Scale mail        |    63 |   126 |    46 ||   235
  Dodge: Dodged            |    51 |    62 |    20 ||   133
  Block: Buckler           |    35 |    50 |    16 ||   101
